 Dungeon Crawl Stone Soup version 0.28.0-53-g5a82cb258f (webtiles) character file.

Game seed: 3975031407770599083

56 Zeld the Conjurer (level 3, 0/19 HPs)
             Began as a Deep Elf Conjurer on May 24, 2022.
             Succumbed to an adder's poison
             ... on level 1 of the Dungeon.
             The game lasted 00:01:45 (1565 turns).

Zeld the Conjurer (Deep Elf Conjurer)               Turns: 1565, Time: 00:01:45

Health: 0/19       AC:  3    Str:  4    XL:     3   Next: 71%
Magic:  0/10       EV: 12    Int: 24    God:
Gold:   19         SH:  0    Dex: 13    Spells: 7/10 levels left

rFire   . . .      SeeInvis .   (no weapon)
rCold   . . .      Faith    .   (no shield)
rNeg    . . .      Spirit   .   a - +0 robe
rPois   .          Reflect  .   (no helmet)
rElec   .          Harm     .   d - +0 cloak
rCorr   .          Rampage  .   (no gloves)
Will    .....                   (no boots)
Stlth   ++........              (no amulet)
HPRegen 0.06/turn               (no ring)
MPRegen 0.12/turn               (no ring)

@: lethally poisoned (0 -> -3)
A: no striking features
a: no special abilities


You were on level 1 of the Dungeon.
You visited 1 branch of the dungeon, and saw 2 of its levels.

You collected 19 gold pieces.

Inventory:

Armour
 a - a +0 robe (worn)
 d - a +0 cloak (worn)
Scrolls
 c - 2 scrolls of identify {unknown}
 e - a scroll of noise {unknown}


   Skills:
 - Level 2.4 Dodging
 - Level 2.4 Stealth
 * Level 4.1 Spellcasting
 * Level 4.9 Conjurations
 + Level 1.6 Hexes
 + Level 1.2 Translocations


You had 7 spell levels left.
You knew the following spells:

 Your Spells              Type           Power      Damage    Failure   Level
a - Magic Dart            Conj           100%       1d8       1%          1
b - Searing Ray           Conj           56%        2d6       1%          2

Your spell library contained the following spells:

 Spells                   Type           Power      Damage    Failure   Level
 Dazzling Flash           Conj/Hex       40%        N/A       8%          3
 Sandblast                Erth           8%         2d5       10%         1
 Stone Arrow              Conj/Erth      32%        3d9       11%         3
 Passwall                 Tmut/Erth      3%         N/A       14%         2
 Fulminant Prism          Conj/Hex       10%        3d9       24%         4
 Iskenderun's Mystic Bla  Conj/Tloc      19%        2d6       26%         4


Dungeon Overview and Level Annotations

Branches:
Dungeon (2/15)

Altars:


Message History

The worm is severely wounded.
The searing ray hits the worm!
You kill the worm!
The adder bites you.
Your Spellcasting skill increases to level 4!
The adder bites you.
You climb upwards.
There is a stone staircase leading down here.
The adder misses you. The adder bites you. The adder misses you.
Casting: Searing Ray (safe; 1% risk of failure)
Confirm with . or Enter, or press ? or * to list all spells.
Aiming: Searing Ray (safe; 1% risk of failure)
Press: ? - help, Shift-Dir - straight line, f - adder
Aim: an adder (66% to hit)
The searing ray misses the adder. (Press . to maintain the ray.)
The adder bites you.
Unknown command.
The searing ray hits the adder!
The adder is almost dead.
The adder bites you.
* * * LOW HITPOINT WARNING * * *
You are lethally poisoned!
The adder poisons you!
Unknown command.
The searing ray hits the adder!
You kill the adder!
* * * LOW HITPOINT WARNING * * *
You feel sick.
Unknown command.
You finish channelling your searing ray.
* * * LOW HITPOINT WARNING * * *
You feel sick.
Unknown command.
It was a potion of cancellation.
You feel magically purged.
* * * LOW HITPOINT WARNING * * *
You feel sick.
You die...

#.##......#..................#
#.#####.#..#######...........#
#.#####....########.#.###.##.#
#.................>.#.# #.##.#
#######.#.###########.###.##.#
#.#.# ######.##...#.# #.#.#
#......#......#
#.#.######.#.†>........#
##########.#....@........#.....##
........_..####.###.###.###...##
############ #.# #.....# ##.##
#.# ####### #.# #.# #.# #.# #.#
############ #.#
#######.#........###########.#
........'...##...#.>.........#


There were no monsters in sight!

Vanquished Creatures
  An adder (D:1)
  A worm (D:2)
  6 dart slugs (D:1)
  6 bats
  3 endoplasms (D:1)
  3 giant cockroaches (D:1)
  A goblin (D:1)
  2 hobgoblins (D:1)
  A quokka (D:1)
  5 frilled lizards (D:1)
  2 kobolds (D:1)
  3 rats (D:1)
34 creatures vanquished.

Notes
Turn   | Place    | Note
-------+----------+-------------------------------------------
     0 | D:1      | Zeld the Deep Elf Conjurer began the quest for the Orb.
     0 | D:1      | Reached XP level 1. HP: 10/10 MP: 6/6
   491 | D:1      | Reached XP level 2. HP: 15/15 MP: 6/8
   662 | D:1      | Reached skill level 1 in Hexes
   724 | D:1      | Learned a level 2 spell: Searing Ray
   747 | D:1      | Reached skill level 1 in Translocations
   926 | D:1      | Reached XP level 3. HP: 19/19 MP: 8/10
  1119 | D:1      | Found a faded altar of an unknown god.
  1565 | D:1      | Succumbed to an adder's poison

Illustrated notes

Levels and vault maps discovered:
D:1:      lemuel_arrival_behind_the_door_large, layout_loops_ring,
          basic_ecumenical_altar
D:2:      layout_rooms, minmay_misc_feat_encased

Skill      XL: |  1  2  3 |
---------------+----------+-----
Hexes          | 1 |  1.6
Translocations | 1 |  1.2
Spellcasting   | 4 |  4.1
Dodging        | |  2.4
Stealth        | |  2.4
Conjurations   | |  4.9

Action                   || total
-------------------------++-------
Melee: Unarmed           ||     1
 Cast: Magic Dart        ||    37
       Searing Ray       ||    14
  Use: Potion            ||     1
Armor: Robe              ||     4
Dodge: Dodged            ||     8
